 Dungeon Crawl Stone Soup version 0.18-a0-1160-geb89fc2 (webtiles) character file.

137917 4thArraOfDagon the Bludgeoner (level 16, -10/202 HPs)
             Began as an Ogre Hunter on Jan 24, 2016.
             Was the Champion of Makhleb.
             Shot with a bolt by a naga sharpshooter (18 damage)
             ... on level 3 of the Snake Pit.
             The game lasted 01:46:58 (16556 turns).

4thArraOfDagon the Bludgeoner (Ogre Hunter)        Turns: 16556, Time: 01:46:58

Health: -10/202    AC: 25    Str: 26    XL:     16   Next: 94%
Magic:  25/29      EV: 11    Int: 17    God:    Makhleb [******]
Gold:   1366       SH:  0    Dex:  7    Spells: 8 memorised, 7 levels left

rFire  + + .     SeeInvis .     L - +4 great mace (elec)
rCold  . . .     Gourm    +     (armour currently unavailable)
rNeg   + . .     Faith    .     (shield currently unavailable)
rPois  ∞         Spirit   .     n - +1 hat
rElec  +         Dismiss  .     d - +2 cloak {rF+}
rCorr  .         Reflect  .     (gloves unavailable)
SustAt .         Harm     .     (boots unavailable)
MR     +....                    k - amulet of the gourmand
Stlth  +.........               p - ring of poison resistance
                                l - +3 ring of intelligence

@: lethally poisoned (-10 -> -10), statue-form, studying Unarmed Combat, very
slow, somewhat resistant to hostile enchantments, very unstealthy
A: unfitting armour, rough black scales 1, blurry vision 1, clever 1, deformed
body, fire resistance 1, frail 1, (tough skin 0)
a: End Transformation, Minor Destruction, Lesser Servant of Makhleb, Major
Destruction, Greater Servant of Makhleb, Renounce Religion
}: 1/15 runes: decaying


You were on level 3 of the Snake Pit.
You worshipped Makhleb.
Makhleb was exalted by your worship.
You were not hungry.
You were a stone statue.
You visited 5 branches of the dungeon, and saw 33 of its levels.
You also visited: Volcano.

You collected 2794 gold pieces.
You spent 1428 gold pieces at shops.

Inventory:

Hand Weapons
 r - a +0 blowgun
 L - a +4 great mace of electrocution (weapon)
 W - a +4 eveningstar of electrocution
 Z - a +1 broad axe of flaming
Missiles
 s - 22 poisoned needles
 v - 6 curare-tipped needles
 B - 10 javelins
 S - 3 throwing nets
 X - a large rock (quivered)
Armour
 d - a +2 cloak of fire resistance (worn)
 j - a +2 troll leather armour (melded)
 n - a +1 hat (worn)
Jewellery
 i - an uncursed ring of see invisible
 k - an amulet of the gourmand (around neck)
 l - a +3 ring of intelligence (left hand)
 p - a ring of poison resistance (right hand)
 H - an uncursed ring of positive energy
 I - a +3 ring of dexterity
Wands
 c - a wand of disintegration (9/24)
 t - a wand of frost (19/48)
 w - a wand of paralysis (5/24)
 z - a wand of enslavement (7/24)
 C - a wand of digging (7/24)
 F - a wand of slowing (13/48)
 Q - a wand of confusion (28/48)
 V - a wand of lightning (12/15)
Scrolls
 h - a scroll of summoning
 x - 3 scrolls of magic mapping
 y - a scroll of amnesia
 A - 9 scrolls of remove curse
 D - a scroll of vulnerability
 E - 3 scrolls of enchant weapon
 G - 3 scrolls of immolation
 J - 2 scrolls of recharging
 K - a scroll of teleportation
 M - 3 scrolls of blinking
Potions
 a - 3 potions of curing
 e - 2 potions of brilliance
 m - 2 potions of lignification
 o - a potion of ambrosia
 q - 2 potions of resistance
 u - a potion of flight
 R - 2 potions of haste
 T - 2 potions of heal wounds
Books
 O - a manual of Unarmed Combat
Miscellaneous
 N - a plain deck of wonders {Wild Magic}
 Y - a lamp of fire
Comestibles
 b - 5 fruits
 f - 15 bread rations
 g - 16 meat rations
 P - 3 beef jerkies
 U - 2 slices of pizza


   Skills:
 - Level 14.3 Fighting
 * Level 19.4 Maces & Flails
 - Level 4.0 Throwing
 - Level 8.0 Dodging
 - Level 0.7 Stealth
 + Level 9.9 Spellcasting
 * Level 10.2 Transmutations
 * Level 9.9 Earth Magic
 - Level 7.3 Invocations
 - Level 2.0 Evocations


You had 7 spell levels left.
You knew the following spells:

 Your Spells              Type           Power        Failure   Level  Hunger
a - Apportation           Tloc           #.........   12%         1    None
b - Animate Skeleton      Necr           N/A          12%         1    None
c - Slow                  Hex            #.......     17%         2    None
d - Statue Form           Trmt/Erth      #####....    21%         6    ######.
e - Sublimation of Blood  Necr           #.........   17%         2    None
f - Passage of Golubria   Tloc           N/A          89%         4    ###....
g - Phase Shift           Tloc           #.........   100%        5    #####..
h - Iron Shot             Conj/Erth      ####......   99%         6    ######.


Dungeon Overview and Level Annotations

Branches:
Dungeon (15/15)              Lair (8/8) D:9           Swamp (4/4) Lair:5
  Snake (4/4) Lair:4        Slime (0/6) Lair:6          Orc (2/2) D:12
 Vaults (0/5) D:14
 Temple: D:4-7          Elf: Orc:2       Depths: D:15

Altars:
Makhleb
Qazlal
Ru
Vehumet
Beogh

Shops:
Orc:2 (?*?

Portals:
Hell: Lair:8

Annotations:
D:4 Eustachio
D:8 Joseph, Prince Ribbit
D:10 Erica, Snorg
D:13 Frances
D:14 Donald, Nessos, Rupert
D:15 exclusion: upstairs
Lair:3 SWAMP???
Swamp:3 Nikola
Snake:4 Aizul


Innate Abilities, Weirdness & Mutations

You are too large for most types of armour.
((You have tough skin (AC +1).))
(You are partially covered in rough black scales (AC +4, Dex -1).)
Scrolls take you a little longer to read.
Your mind is acute. (Int +2)
Armour fits poorly on your strangely shaped body.
Your flesh is heat resistant.
You are frail (-10% HP).


Message History

The bolt of flame burns you.
* * * LOW HITPOINT WARNING * * *
Unknown command.
Unknown command.
You pound the naga sharpshooter like an anvil!!!
You kill the naga sharpshooter!
Makhleb accepts your kill.
You feel better.
The naga sharpshooter shoots a bolt.
The bolt hits you!!
* * * LOW HITPOINT WARNING * * *
The naga hits you with a long sword of holy wrath.
* * * LOW HITPOINT WARNING * * *
The naga barely misses you.
Unknown command.
You pound the naga sharpshooter like an anvil!!!
The naga sharpshooter is severely wounded.
You hear a shout!
The naga sharpshooter gestures wildly while chanting.
The naga sharpshooter magically shoots a bolt.
The bolt hits you!!
You die...

## .# # #
#.#### #
#..8)# #
#..NN).#
#......#
#N......#
#.......#
#.......#
..#....##
#..##..##


You could see a naga sharpshooter, a naga mage and a naga.

Vanquished Creatures
  Kirke (Lair:7)
  A thorn hunter (Swamp:2)
  A greater naga (Snake:4)
  Maud (Lair:7)
  4 naga warriors
  Harold (Lair:3)
  A centaur warrior (Volcano)
  Erolcha (Orc:1)
  A ghost crab (Swamp:2)
  15 hydras
  3 anacondas (Snake:1)
  A death knight (D:11)
  An ogre mage (D:15)
  8 alligators
  6 death yaks (Lair:8)
  2 orc high priests (Orc:2)
  4 naga sharpshooters
  A sun demon (Lair:8)
  Nergalle (Orc:1)
  A salamander mystic (Snake:3)
  5 skeletal warriors
  3 spriggan druids
  3 hill giants
  A shambling mangrove (Swamp:4)
  7 swamp dragons
  2 deep elf magi
  A phantasmal warrior (D:12)
  5 orc knights (Orc:2)
  3 griffons
  2 mana vipers
  A hornet (Swamp:2)
  A manticore (D:15)
  A sixfirhy (Lair:8)
  7 ugly things
  8 salamanders
  An orc sorcerer (Orc:2)
  6 naga magi
  9 elephants
  16 black mambas
  2 centaur zombies
  3 centaur skeletons
  A smoke demon (Lair:8)
  4 orange demons (Lair:8)
  2 gargoyles
  18 spiny frogs
  2 yaktaurs
  An efreet (D:15)
  5 ice devils (Lair:8)
  4 komodo dragons
  2 fire drakes (Lair:8)
  A freezing wraith (D:11)
  6 trolls
  4 polar bears
  2 giant leeches (Swamp:4)
  6 blink frogs
  2 two-headed ogres
  Grinder (D:6)
  4 bog bodies
  13 slime creatures
  3 spriggans (Swamp:1)
  8 redbacks (Snake:4)
  2 shadows
  2 wyverns
  2 basilisks
  26 yaks
  6 hogs (Lair:7)
  9 hippogriffs
  6 vampire mosquitoes
  6 humans
  7 wolves (Lair:6)
  4 wargs
  6 insubstantial wisps
  17 swamp worms
  15 nagas
  12 water moccasins
  5 porcupines
  A sky beast (D:8)
  8 swamp drakes
  33 orc warriors
  A black bear (D:8)
  2 eyes of draining
  4 ice beasts
  5 wasps
  25 ogres
  2 necrophages
  A phantom (D:8)
  13 centaurs
  17 crocodiles
  A big kobold (D:11)
  7 giant frogs
  A scorpion (D:9)
  9 wights
  3 electric eels
  5 crimson imps
  A giant frog zombie (D:12)
  A wasp zombie (D:13)
  5 hounds
  27 orc priests
  2 jellies
  A giant frog skeleton (D:4)
  5 iguanas
  15 orc wizards
  5 worker ants
  A sheep (D:9)
  A hound skeleton (D:6)
  A worker ant zombie (D:11)
  5 adders
  51 river rats
  2 shadow imps
  An adder zombie (D:5)
  4 adder skeletons
  2 giant geckos
  84 orcs
  A ball python (D:4)
  A bat (D:3)
  A giant cockroach (D:2)
  5 goblins
  5 hobgoblins
  11 jackals
  3 quokkas
  A giant gecko skeleton (D:8)
  A giant gecko zombie (D:6)
  3 giant newts
  A jackal zombie (D:5)
  7 kobolds
  2 rats (D:1)
  A fungus (Lair:7)
751 creatures vanquished.

Vanquished Creatures (collateral kills)
  An orc warlord (Orc:2)
  A dire elephant (Lair:8)
  6 hydras
  A death knight (D:14)
  2 orc high priests (Orc:2)
  A wizard (Lair:8)
  A hornet (Swamp:4)
  A komodo dragon (Lair:8)
  An ice devil (Lair:8)
  A blink frog (Swamp:4)
  2 two-headed ogres (Orc:2)
  A slime creature (Swamp:4)
  A hog (Lair:7)
  A basilisk (Lair:8)
  A swamp worm (Swamp:4)
  4 swamp drakes
  4 orc warriors (Orc:2)
  An ogre (Orc:2)
  2 orc priests (Orc:2)
  An orc wizard (Orc:1)
  10 orcs
44 creatures vanquished.

Vanquished Creatures (others)
  An insubstantial wisp (Swamp:2)
  An orc warrior (Orc:2)
  2 ogres
  15 fungi
  A plant (Lair:8)
20 creatures vanquished.

Grand Total: 815 creatures vanquished

Notes
Turn   | Place    | Note
--------------------------------------------------------------
     0 | D:1      | 4thArraOfDagon the Ogre Hunter began the quest for the Orb.
     0 | D:1      | Reached XP level 1. HP: 22/22 MP: 1/1
   275 | D:2      | Reached XP level 2. HP: 21/31 MP: 2/2
   458 | D:2      | Reached skill level 1 in Maces & Flails
   582 | D:3      | Reached XP level 3. HP: 15/39 MP: 3/3
   821 | D:4      | Reached XP level 4. HP: 17/49 MP: 4/4
   849 | D:4      | Noticed a giant frog
   856 | D:4      | Killed a giant frog
   856 | D:4      | Reached XP level 5. HP: 20/55 MP: 5/5
   906 | D:4      | Noticed Eustachio
   920 | D:4      | Noticed a phantom
  1040 | D:4      | Reached skill level 5 in Fighting
  1053 | D:5      | Entered Level 5 of the Dungeon
  1222 | D:6      | Noticed Grinder
  1233 | D:6      | Paralysed by Grinder for 4 turns
  1260 | D:6      | Killed Grinder
  1260 | D:6      | Reached skill level 6 in Maces & Flails
  1260 | D:6      | Reached XP level 6. HP: 60/67 MP: 6/6
  1299 | D:6      | Noticed an ice beast
  1303 | D:6      | Killed an ice beast
  1303 | D:6      | Reached skill level 7 in Maces & Flails
  1303 | D:6      | Reached XP level 7. HP: 75/75 MP: 7/7
  1310 | D:6      | BLOAX: so apparently there's an armor in this mod that is practically a suit of synthetic muscle
  1357 | D:6      | BLOAX: and so yesterday i got a bit, uh
  1361 | D:6      | BLOAX: https://www.youtube.com/watch?v=HMnOyceOpjI
  1365 | D:6      | BLOAX: inspired
  1389 | D:6      | Reached skill level 8 in Maces & Flails
  1397 | D:6      | BLOAX: results are very questionable https://dl.dropboxusercontent.com/u/63152810/n/xcom/piratez/SynthSuit.gif
  1397 | D:6      | 4thArraOfDagon: i dont understand that music idk
  1397 | D:6      | BLOAX: http://www.ufopaedia.org/images/9/93/Muton.png no this has no relation to mutons no sir
  1397 | D:6      | 4thArraOfDagon: haha it looks like tla to me
  1397 | D:6      | BLOAX: the shading is pretty hardcore
  1397 | D:6      | 4thArraOfDagon: oh yep, now after taking look upon details it looks quite amazing
  1397 | D:6      | 4thArraOfDagon: especially shading
  1397 | D:6      | BLOAX: https://dl.dropboxusercontent.com/u/63152810/n/xcom/piratez/synthsuit_lol.gif
  1397 | D:6      | BLOAX: it could also be abused but i don't feel like doing outright fetishistic stuff like that for this
  1397 | D:6      | BLOAX: I AM A REASONABLE PERSON WITH REASONABLE GOALS
  1397 | D:6      | 4thArraOfDagon: how many outfits already
  1397 | D:6      | 4thArraOfDagon: more than 10?
  1397 | D:6      | 4thArraOfDagon: costumes *
  1407 | D:7      | Learned a level 1 spell: Apportation
  1409 | D:7      | Learned a level 1 spell: Animate Skeleton
  1428 | D:7      | BLOAX: 22 i think
  1463 | D:7      | Reached skill level 9 in Maces & Flails
  1463 | D:7      | Reached XP level 8. HP: 70/87 MP: 8/8
  1521 | D:7      | BLOAX: out of like 53
  1667 | D:7      | Reached skill level 10 in Maces & Flails
  1918 | D:4      | 4thArraOfDagon: hmm
  1918 | D:4      | 4thArraOfDagon: got any egyptian-themed?
  2111 | D:5      | Found a stormy altar of Qazlal.
  2202 | D:7      | Reached skill level 11 in Maces & Flails
  2311 | D:7      | Reached XP level 9. HP: 57/98 MP: 9/9
  2431 | D:6      | Found a burning altar of Makhleb.
  2443 | D:6      | Became a worshipper of Makhleb the Destroyer
  2559 | D:7      | Reached skill level 12 in Maces & Flails
  2641 | D:8      | Noticed Prince Ribbit
  2774 | D:8      | Learned a level 2 spell: Slow
  2785 | D:8      | Reached skill level 1 in Invocations
  2790 | D:8      | Gained mutation: Scrolls take you a little longer to read. [mutagenic meat]
  2792 | D:8      | Gained mutation: You are agile. (Dex +2) [mutagenic meat]
  2793 | D:8      | Lost mutation: You are agile. (Dex +2) [mutagenic meat]
  2795 | D:8      | Gained mutation: Your mind is acute. (Int +2) [mutagenic meat]
  2829 | D:8      | Reached skill level 1 in Evocations
  2972 | D:8      | Reached * piety under Makhleb
  3095 | D:8      | Reached skill level 1 in Spellcasting
  3124 | D:8      | Learned a level 6 spell: Statue Form
  3154 | D:8      | Noticed Joseph
  3358 | D:9      | Noticed a cyan ugly thing
  3366 | D:9      | Killed a cyan ugly thing
  3366 | D:9      | Reached skill level 1 in Transmutations
  3437 | D:10     | Entered Level 10 of the Dungeon
  3462 | D:10     | Noticed a troll
  3479 | D:10     | Killed a troll
  3479 | D:10     | Reached skill level 10 in Fighting
  3479 | D:10     | Reached skill level 1 in Earth Magic
  3479 | D:10     | Reached XP level 10. HP: 110/110 MP: 12/12
  3511 | D:10     | Noticed Snorg
  3624 | D:9      | Noticed an elephant
  3667 | D:9      | Killed an elephant
  3667 | D:9      | Reached skill level 13 in Maces & Flails
  3720 | D:9      | Found a staircase to the Lair.
  4127 | D:9      | Identified the Catalogue of Displacement
  4235 | D:11     | Noticed a gargoyle
  4311 | D:10     | Noticed Erica
  4313 | D:11     | Noticed a hill giant
  4323 | D:11     | Killed a hill giant
  4345 | D:11     | Reached ** piety under Makhleb
  4422 | D:11     | Noticed a green ugly thing
  4454 | D:11     | Noticed a brown ugly thing
  4687 | D:12     | Noticed a gargoyle
  4694 | D:12     | Killed a gargoyle
  4938 | D:12     | Noticed a deep elf mage
  4955 | D:12     | Killed a deep elf mage
  4955 | D:12     | Reached XP level 11. HP: 119/119 MP: 14/16
  4975 | D:12     | Found a staircase to the Orcish Mines.
  4980 | D:12     | Noticed a death knight
  5089 | D:14     | Found a gate to the Vaults.
  5089 | D:14     | Noticed Donald
  5089 | D:14     | Noticed Rupert
  5089 | D:14     | Noticed a skeletal warrior
  5089 | D:14     | Noticed a death knight
  5098 | D:13     | BLOAX: you know how people damage their hearing by blasting stuff on ear/headphones too loudly
  5114 | D:13     | Noticed a deep elf mage
  5117 | D:13     | Killed a deep elf mage
  5126 | D:13     | BLOAX: well i don't fancy that being my case
  5126 | D:13     | BLOAX: currently i'm down to 6% volume from the initial 12% i was at when i started
  5126 | D:13     | 4thArraOfDagon: yea i know my mom works as audiometric laboratorian
  5130 | D:13     | 4thArraOfDagon: ouch lol
  5208 | D:13     | Noticed a green ugly thing
  5231 | D:13     | Killed a green ugly thing
  5247 | D:13     | Noticed a six-headed hydra
  5255 | D:13     | BLOAX: even putting the headphones off and on again reduces the percepted volume
  5313 | D:13     | BLOAX: because the rumbling of the muffs on my ears is so loud compared to the audio :-)
  5378 | D:13     | Noticed a griffon
  5389 | D:13     | Killed a griffon
  5389 | D:13     | Reached skill level 14 in Maces & Flails
  5426 | D:13     | Noticed a skeletal warrior
  5457 | D:13     | Killed a skeletal warrior
  5524 | D:15     | Entered Level 15 of the Dungeon
  5532 | D:15     | Noticed a manticore
  5546 | D:15     | Killed a manticore
  5551 | D:15     | BLOAX: you should really
  5553 | D:15     | BLOAX: acquire a giant club
  5556 | D:15     | BLOAX: and use it
  5574 | D:15     | Noticed a hill giant
  5574 | D:15     | BLOAX: like the one in your inventory
  5589 | D:15     | Killed a hill giant
  5597 | D:15     | Noticed a hill giant
  5617 | D:15     | Killed a hill giant
  5727 | D:15     | Noticed an ogre mage
  5764 | D:15     | Killed an ogre mage
  5764 | D:15     | Reached *** piety under Makhleb
  5764 | D:15     | Reached skill level 5 in Invocations
  5777 | D:15     | Reached XP level 12. HP: 61/130 MP: 18/18
  5814 | D:15     | Noticed a fire dragon
  6052 | D:14     | Killed a death knight
  6148 | D:14     | Reached skill level 5 in Spellcasting
  6215 | D:14     | Noticed Nessos
  6307 | D:13     | Reached skill level 15 in Maces & Flails
  6307 | D:13     | Reached skill level 5 in Transmutations
  6317 | D:13     | Reached skill level 5 in Earth Magic
  6442 | D:13     | HP: 4/130 [skeletal warrior/mace (19)]
  6458 | D:13     | Noticed Frances
  6668 | D:11     | HP: 5/131 [green ugly thing (11)]
  6728 | D:11     | Reached skill level 5 in Dodging
  6789 | D:11     | Gained mutation: You are partially covered in rough black scales (AC +4, Dex -1). [mutagenic meat]
  6790 | D:11     | Gained mutation: You have a pair of small horns on your head. [mutagenic meat]
  6791 | D:11     | Lost mutation: You have a pair of small horns on your head. [mutagenic meat]
  6948 | D:11     | Reached **** piety under Makhleb
  7210 | D:11     | Found a radiant altar of Vehumet.
  7312 | D:11     | Killed a death knight
  7365 | D:12     | Reached XP level 13. HP: 59/140 MP: 21/21
  7412 | Orc:1    | Entered Level 1 of the Orcish Mines
  7488 | Orc:1    | Noticed Nergalle
  7513 | Orc:2    | Entered Level 2 of the Orcish Mines
  7923 | Orc:2    | BLOAX: you should use a giant club m8
  7937 | Orc:2    | BLOAX: check their dank stats
  7948 | Orc:2    | 4thArraOfDagon: what
  8008 | Orc:2    | BLOAX: -6 acc / 20 dam / 1.6 base delay
  8043 | Orc:2    | Reached ***** piety under Makhleb
  8060 | Orc:2    | BLOAX: vs. -3 acc / 13 dam / 1.3 base delay
  8074 | Orc:2    | Found a roughly hewn altar of Beogh.
  8103 | Orc:2    | BLOAX: specifically giant club
  8124 | Orc:2    | BLOAX: spiked ones are pretty bad
  8171 | Orc:2    | BLOAX: -7 acc / 22 dam / 1.9 base delay
  8175 | Orc:2    | Found Ruwnist's Weapon Emporium.
  8187 | Orc:2    | Found Qobiob's Magic Scroll Shoppe.
  8188 | Orc:2    | BLOAX: look at that sweet 1.6 delay on the gc
  8203 | Orc:2    | Reached skill level 16 in Maces & Flails
  8210 | Orc:2    | BLOAX: ACQUIRE CLUBBA
  8210 | Orc:2    | Bought a scroll of acquirement for 936 gold pieces
  8243 | Orc:2    | 4thArraOfDagon: very cheap!
  8260 | Orc:2    | BLOAX: wellllllll i guess that'll do
  8436 | Orc:2    | Noticed an orc warlord
  8463 | Orc:2    | Killed an orc warlord
  8484 | Orc:2    | Found a roughly hewn altar of Beogh.
  8553 | Orc:2    | HP: 5/141 [orc warrior/halberd (15)]
  8686 | Orc:2    | Found Vitreatu's Magic Scroll Shoppe.
  8927 | Orc:2    | Found Illao's Assorted Antiques.
  9108 | Orc:1    | Noticed Erolcha
  9128 | Orc:1    | Killed Erolcha
  9184 | Orc:1    | Killed Nergalle
  9260 | Orc:1    | Reached ****** piety under Makhleb
  9501 | Orc:2    | Bought a scroll of teleportation for 54 gold pieces
  9501 | Orc:2    | Bought a scroll of magic mapping for 63 gold pieces
  9501 | Orc:2    | Bought a scroll of blinking for 135 gold pieces
  9575 | Orc:2    | Bought a scroll of magic mapping for 112 gold pieces
  9575 | Orc:2    | Bought a lead wand for 128 gold pieces
  9751 | Lair:1   | Entered Level 1 of the Lair of Beasts
  9995 | Lair:3   | Reached XP level 14. HP: 117/150 MP: 24/24
 10073 | Lair:3   | Noticed Harold
 10086 | Lair:3   | Killed Harold
 10310 | Lair:4   | Found a staircase to the Snake Pit.
 10659 | Lair:7   | Noticed Maud
 10698 | Lair:7   | Killed Maud
 10707 | Lair:7   | Noticed Kirke
 10804 | Lair:8   | Entered Level 8 of the Lair of Beasts
 10863 | Lair:8   | Found a dark tunnel.
 10871 | Volcano  | Entered a volcano
 10933 | Volcano  | Gained mutation: Armour fits poorly on your strangely shaped body. [potion of mutation]
 10933 | Volcano  | Gained mutation: You are frail (-10% HP). [potion of mutation]
 10933 | Volcano  | Gained mutation: Your flesh is heat resistant. [potion of mutation]
 11101 | Lair:8   | Reached skill level 17 in Maces & Flails
 11567 | Lair:8   | Noticed a dire elephant
 11602 | Lair:8   | Killed a dire elephant
 11734 | Lair:8   | Found a burning altar of Makhleb.
 11821 | Lair:8   | Reached XP level 15. HP: 107/144 MP: 26/26
 11852 | Lair:8   | Found a gateway to Hell.
 11866 | Lair:8   | Learned a level 2 spell: Sublimation of Blood
 12083 | Lair:7   | Killed Kirke
 12464 | Lair:4   | Learned a level 4 spell: Passage of Golubria
 12470 | Lair:4   | Learned a level 5 spell: Phase Shift
 13057 | Lair:5   | Found a staircase to the Swamp.
 13088 | Swamp:1  | Entered Level 1 of the Swamp
 13120 | Swamp:1  | Learned a level 6 spell: Iron Shot
 13139 | Swamp:2  | Noticed a thorn hunter
 13153 | Swamp:2  | Killed a thorn hunter
 13202 | Swamp:2  | Reached skill level 18 in Maces & Flails
 13311 | Swamp:4  | Entered Level 4 of the Swamp
 13820 | Swamp:4  | HP: 5/146 [five-headed hydra (14)]
 13820 | Swamp:4  | HP: 1/146 [five-headed hydra (4)]
 13870 | Swamp:4  | Got a decaying rune of Zot
 14208 | Swamp:4  | Reached XP level 16. HP: 154/154 MP: 28/28
 14405 | Swamp:3  | Noticed Nikola
 14588 | Swamp:2  | Noticed an Executioner
 14618 | Swamp:1  | :(
 15379 | Snake:1  | Entered Level 1 of the Snake Pit
 15787 | Snake:2  | Reached skill level 19 in Maces & Flails
 15997 | Snake:4  | Entered Level 4 of the Snake Pit
 15997 | Snake:4  | Found a sacrificial altar of Ru.
 16127 | Snake:4  | Reached skill level 10 in Transmutations
 16471 | Snake:4  | Noticed a greater naga
 16507 | Snake:4  | Killed a greater naga
 16514 | Snake:4  | Noticed Aizul
 16554 | Snake:3  | HP: 10/202 [naga sharpshooter/bolt of flame (9)]
 16556 | Snake:3  | Shot with a bolt by a naga sharpshooter

Vault maps used:
D:1:      dpeg_arrival_leaves_temple_mockup
D:3:      gammafunk_temple_overflow_elements, first_bread, uniq_iyjb, uniq_robin
D:4:      temple_hall, uniq_eustachio
D:5:      nicolae_qazlal_eye_of_the_storm, uniq_blork_the_orc
D:6:      minmay_misc_feat_tiny, makhleb_blood_cavern_becter,
          uniq_crazy_yiuf_cottage, uniq_grinder
D:7:      lemuel_upstairs_altar
D:8:      serial_glass, glass_columns_a, glass_columns_b,
          minmay_strange_pillars, due_unseen_surprise,
          hangedman_little_slice_of_home, uniq_joseph, uniq_prince_ribbit1
D:9:      david_lair_generic
D:10:     special_room, uniq_snorg, uniq_erica, uniq_gastronok
D:11:     basic_altar
D:12:     orc_0_dummy, serial_co_window_serial, co_window_corner_a,
          co_window_corner_a, co_window_of_opportunity_a, co_window_paths_a,
          co_window_corner_a, co_window_of_opportunity_c, co_window_paths_c,
          co_window_paths_c, co_window_of_opportunity_b,
          co_window_unsneaky_path_e, co_window_paths_d, co_window_4corner_b,
          glass_columns_a, glass_columns_a, glass_columns_c, glass_columns_a,
          enter_trove_5
D:13:     uniq_frances
D:14:     david_vaults_3, nicolae_ru_the_path_less_chosen, uniq_nessos
D:15:     hangedman_depths_entry_try_elsewhere_first, kennysheep_pointless_box,
          minmay_guarded_unrand_robustness
Lair:1:   infiniplex_staircase_pool, grunt_megastairs_1
Lair:2:   serial_bayou_pond_c
Lair:3:   guppyfry_lair_drakes, uniq_harold
Lair:4:   guppyfry_snake_entry_island, grunt_megastairs_5
Lair:5:   swamp_mist_pool, minmay_stone_trees_small,
          nicolae_quartered_pool_little, minmay_holes, beast_lair_carwin_6
Lair:6:   slime_altar_1, st_stairs_5, uniq_rupert
Lair:7:   uniq_kirke, uniq_maud
Lair:8:   evil_forest, enter_volcano_3, serial_bayou_pond_a, patterned_corridor
Swamp:1:  evilmike_swamp_ruin_house_2, swamp_pool4, statue_in_the_mist_lemuel,
          lightli_tree_ring
Swamp:2:  evilmike_swamp_ruin_house_6, swamp_pool2
Swamp:3:  nicolae_swamp_trees_clearing, uniq_nikola
Swamp:4:  swamp, swamp_pool2, infiniplex_staircase_pool_2
Snake:1:  serial_bayou_ford_a, spider_trap, st_stairs_6, grunt_ministairs_6,
          abandoned_shop
Snake:2:  basic_altar, lemuel_oklob_altar, uniq_azrael
Snake:4:  minmay_snake_end_coiled, basic_altar, serial_shops,
          nicolae_shop_waterfront, spider_trap, uniq_aizul
Orc:1:    mines2_lemuel, uniq_nergalle, uniq_erolcha
Orc:2:    pubby_orc_utopia, serial_shops
Volcano:  volcano_pools

Action                   |  1- 3 |  4- 6 |  7- 9 | 10-12 | 13-15 | 16-18 || total
-------------------------+-------+-------+-------+-------+-------+-------++-------
Melee: Short sword       |    25 |       |       |       |       |       ||    25
       Club              |    35 |       |       |       |       |       ||    35
       Whip              |    52 |    23 |       |       |       |       ||    75
       Giant club        |       |    19 |    16 |       |       |       ||    35
       Giant spiked club |       |       |   109 |       |    96 |       ||   205
       Dire flail        |       |       |    71 |   541 |   141 |       ||   753
       Great mace        |       |       |       |       |  1174 |   381 ||  1555
       Eveningstar       |       |       |       |       |     5 |       ||     5
Throw: Large rock        |    12 |    12 |    26 |    28 |     6 |       ||    84
       Throwing net      |     1 |     6 |     3 |     2 |       |       ||    12
       Javelin           |       |       |     3 |    11 |    10 |       ||    24
 Cast: Statue Form       |       |       |       |       |       |    11 ||    11
Invok: Lesser Servant of |       |       |       |     8 |    24 |     7 ||    39
       Minor Destruction |       |       |       |     1 |     1 |    11 ||    13
       Major Destruction |       |       |       |       |     2 |       ||     2
       Greater Servant o |       |       |       |       |     1 |     1 ||     2
 Abil: End Transformatio |       |       |       |       |       |     1 ||     1
Evoke: Wand              |       |       |     9 |    22 |    12 |     6 ||    49
       Lamp of fire      |       |       |       |       |     2 |       ||     2
       Deck              |       |       |       |       |     2 |       ||     2
  Use: Scroll            |       |     5 |    12 |    17 |    10 |    11 ||    55
       Potion            |       |       |     1 |    17 |     8 |     8 ||    34
 Stab: Sleeping          |     2 |       |     1 |     1 |     2 |       ||     6
       Paralysed         |       |       |     5 |     7 |     3 |       ||    15
       Distracted        |       |       |       |       |     6 |     2 ||     8
       Invisible         |       |       |       |       |       |     4 ||     4
  Eat: Chunk             |       |     1 |    13 |    13 |    25 |    18 ||    70
       Pizza             |       |       |       |     1 |       |       ||     1
       Beef jerky        |       |       |       |     1 |       |       ||     1
       Fruit             |       |       |       |     4 |     1 |       ||     5
